Cogmind - Beta 9.3 @@@ ROGUE MODE // 2019.12.30 @ 16:18:57 Player: Trione Result: Destroyed by S-10 Pest with Light Assault Rifle Performance ------------- Evolutions (0) 0 Regions Visited (2) 400 Robots Destroyed (16) 80 Value Destroyed (390) 390 Prototype IDs (0) 0 Alien Tech Used (0) 0 Bonus (131) 131 TOTAL SCORE: 1001 Bonus ------- Follower Combat Kills 131 Cogmind --------- Core Integrity 0/250 Matter 290/300 Energy 230/250 System Corruption 1% Temperature Cool (390) Movement Treading (172) Ox1 Location -10/Mines Parts ------- > --- POWER (1) -------- Ion Engine > --- PROPULSION (2) --- Light Treads Advanced Treads > --- UTILITY (2) ------ Large Storage Unit High-capacity Storage Unit > --- WEAPON (2) ------- Particle Cannon > --- INVENTORY (18) --- Ion Engine Light Treads Wheel Wheel Compact Wheel Large Storage Unit High-capacity Storage Unit Advanced Targeting Computer Improved Utility Shielding EM Shotgun EM Shotgun Particle Cannon Particle Cannon Particle Cannon Ion Cannon Improved Grenade Launcher Peak State ------------ > --- POWER ------------ Ion Engine > --- PROPULSION ------- Light Treads Light Treads > --- UTILITY ---------- Large Storage Unit High-capacity Storage Unit > --- WEAPON ----------- Particle Gun Particle Cannon > --- INVENTORY -------- Ion Engine Light Treads Advanced Treads Wheel Wheel Compact Wheel Large Storage Unit High-capacity Storage Unit Advanced Targeting Computer Improved Utility Shielding EM Shotgun EM Shotgun Particle Cannon Particle Cannon Particle Cannon Ion Cannon Improved Grenade Launcher [Rating: 12] Favorites ----------- Power Ion Engine Engine Ion Engine Propulsion Light Treads Treads Light Treads Wheel Compact Wheel Utility High-capacity Storage Unit Device Improved Terrain Scanner Storage High-capacity Storage Unit Weapon Particle Gun Energy Gun Particle Gun Energy Cannon Particle Cannon Build | -11 -10 -10 ------- Run | Scr Mat Min Slots Evolved . | . . . Power . | . . . Propulsion . | . . . Utility . | . . . Weapon . | . . . Parts Attached 19 | 7 10 2 Power 2 | 1 1 . Engine 2 | 1 1 . Core . | . . . Reactor . | . . . Propulsion 6 | 2 3 1 Treads 4 | . 3 1 Leg . | . . . Wheel 2 | 2 . . Hover . | . . . Flight . | . . . Utility 4 | 2 1 1 Device 1 | 1 . . Storage 3 | 1 1 1 Processor . | . . . Hackware . | . . . Protection . | . . . Artifact . | . . . Weapon 7 | 2 5 . Energy Gun 6 | 2 4 . Energy Cannon 1 | . 1 . Ballistic Gun . | . . . Ballistic Cannon . | . . . Launcher . | . . . Special Weapon . | . . . Impact Weapon . | . . . Slashing Weapon . | . . . Piercing Weapon . | . . . Special Melee Weapon . | . . . Unidentified Prototypes . | . . . Parts Lost 8 | . 6 2 Power 1 | . 1 . Propulsion 2 | . 1 1 Utility . | . . . Weapon 5 | . 4 1 Highest Loss Streak 3 | . 3 2 Average Slot Usage (%) 97 | . 94 99 Engine 13 | . 13 14 Treads 22 | . 14 27 Wheel 5 | . 13 . Device 6 | . 14 1 Storage 21 | . 14 26 Energy Gun 16 | . 20 13 Energy Cannon 9 | . 3 14 Naked Turns . | . . . Heaviest Build 60 | 13 45 60 Greatest Support 40 | 26 40 40 Greatest Overweight (x) 1 | . 1 1 Average Overweight (x) . | . . 1 Largest Inventory Capacity 18 | 6 12 18 Average Capacity 13 | 5 9 17 Most Carried 17 | 4 12 17 Average Carried 11 | 3 6 15 Final Capacity 18 | 6 12 18 Final Carried 16 | 4 12 16 Class Distribution -------------------- 100% | Mutant Dominant Class ---------------- Mutant | -10/Materials Mutant | -10/Mines Resources | -11 -10 -10 ----------- Run | Scr Mat Min Matter Collected 345 | 270 45 30 Remotely . | . . . Salvage Created 612 | 161 429 22 Parts 37 | 10 21 6 Haulers Intercepted . | . . . Recyclers Shooed . | . . . Parts Field Recycled . | . . . Retrieved Matter . | . . . Parts Self-Destructed . | . . . Prevented . | . . . Kills | -11 -10 -10 ------- Run | Scr Mat Min Combat Hostiles Destroyed 10 | . 8 2 Melee 3 | . 3 . Guns 6 | . 5 1 Cannons 1 | . . 1 Classes Destroyed 5 | 2 2 1 Tunneler 3 | 3 . . Recycler 1 | 1 . . Watcher 2 | . 2 . Swarmer 2 | . . 2 Grunt 8 | . 8 . Best Kill Streak 4 | 4 3 1 Combat Bots Only 3 | . 3 1 Max Kills in Single Turn 1 | 1 1 1 Gunslinging . | . . . Exploded . | . . . Melee 1 | . 1 . Uniques/NPCs Destroyed . | . . . Combat | -11 -10 -10 -------- Run | Scr Mat Min Damage Taken 1207 | . 1040 167 Core 253 | . 229 24 Absorbed by Shields . | . . . Core Remaining (%) 100 | 100 . . Volleys Fired 72 | 6 47 19 Largest 2 | 2 2 2 Hottest 133 | 90 90 133 Shots Fired 106 | 12 73 21 Gun 87 | 12 73 2 Cannon 19 | . . 19 Launcher . | . . . Special . | . . . Kinetic . | . . . Thermal 106 | 12 73 21 Explosive . | . . . Electromagnetic . | . . . Robot Hit Streak 10 | 9 10 2 Robot Miss Streak 5 | 1 2 5 Penetration Max . | . . . Secondary Targets . | . . . Shots Hit Robots 69 | 9 53 7 Core Hits 35 | 5 28 2 Critical Hits . | . . . Critical Kills . | . . . Critical Parts Destroyed . | . . . Melee Attacks . | . . . Impact . | . . . Slashing . | . . . Piercing . | . . . Sneak Attacks . | . . . Combat Hostiles . | . . . Follow-up Attacks . | . . . Damage Inflicted 940 | 107 697 136 Guns 744 | 107 604 33 Cannons 103 | . . 103 Explosions . | . . . Melee . | . . . Ramming 93 | . 93 . Kinetic . | . . . Thermal 847 | 107 604 136 Explosive . | . . . Electromagnetic . | . . . Impact . | . . . Slashing . | . . . Piercing . | . . . Highest Corruption 1 | . 1 1 Average Corruption 1 | . 1 1 Corruption Purged . | . . . Effects 5 | . . 5 Message Errors 1 | . . 1 Energy Discharges 4 | . . 4 Overload Shots . | . . . Overflow Damage 1 | . . 1 Projectiles 1 | . . 1 Explosions . | . . . Melee . | . . . Knockbacks 1 | . 1 . Impact 1 | . 1 . Kinetic . | . . . Secondary . | . . . Self-Inflicted Damage . | . . . Shots . | . . . Rammed 26 | . 26 . Targets Rammed 27 | . 27 . Kicked . | . . . Crushed 1 | . 1 . Highest Temperature 390 | 90 372 390 Average Temperature 111 | 51 108 153 Received Heat Transfer 582 | . 576 6 Effects 3 | . 3 . Energy Bleed 1 | . 1 . Short Circuit 1 | . 1 . Damage (minor) 1 | . 1 . Siege Activations . | . . . Robots Corrupted . | . . . Combat Hostiles . | . . . Parts Fried . | . . . Impact Corruptions . | . . . Robots Melted . | . . . Combat Hostiles . | . . . Parts Melted 5 | . 5 . Heat Transferred 2108 | 285 1564 259 Parts Sabotaged . | . . . Parts Stolen . | . . . Parts Stripped . | . . . Power Chain Reactions . | . . . Missiles Intercepted . | . . . Alert | -11 -10 -10 ------- Run | Scr Mat Min Peak Influence 191 | 20 191 154 Average Influence 67 | 6 72 69 Maximum Alert Level . | . . . Low Security (%) 100 | 100 100 100 Level 1 . | . . . Level 2 . | . . . Level 3 . | . . . Level 4 . | . . . Level 5 . | . . . High Security . | . . . Max Security . | . . . Squads Dispatched 2 | . 1 1 Investigation 2 | . 1 1 Extermination . | . . . Reinforcement . | . . . Assault . | . . . Garrison . | . . . Intercept . | . . . Construction Impeded . | . . . Haulers Reinforced . | . . . Stealth | -11 -10 -10 --------- Run | Scr Mat Min Distress Signals . | . . . Communications Jammed . | . . . Distress Signals . | . . . Times Spotted 26 | . 13 13 Peak Tracking Total 4 | . 4 3 Tactical Retreats 1 | . . 1 Traps | -11 -10 -10 ------- Run | Scr Mat Min Traps Triggered 2 | . 2 . Indirectly . | . . . Trap Hack Attempts . | . . . Triggered . | . . . Disarmed . | . . . Reprogrammed . | . . . Reused . | . . . Traps Extracted . | . . . Installed . | . . . Triggered . | . . . Machines | -11 -10 -10 ---------- Run | Scr Mat Min Machines Disabled . | . . . Max in Single Turn . | . . . Machines Sabotaged . | . . . Garrisons Compromised . | . . . Overloaded Fab Kills . | . . . Fab Network Shutdowns . | . . . Hacking | -11 -10 -10 --------- Run | Scr Mat Min Machines Accessed 4 | . 3 1 Terminals 2 | . 2 . Fabricators . | . . . Repair Stations . | . . . Recycling Units 1 | . 1 . Scanalyzers . | . . . Garrison Access . | . . . Total Hacks 11 | . 10 1 Successful 6 | . 5 1 Failed 5 | . 5 . Catastrophic 1 | . 1 . Database Lockouts . | . . . Manual 6 | . 6 . Terminals 6 | . 6 . Fabricators . | . . . Repair Stations . | . . . Recycling Units 4 | . 4 . Scanalyzers . | . . . Garrison Access . | . . . Terminal Hacks 3 | . 2 1 Open Door 1 | . . 1 Terminal Index 1 | . 1 . Zone Layout 1 | . 1 . Fabricator Hacks . | . . . Repair Station Hacks . | . . . Recycling Unit Hacks 1 | . 1 . Retrieve Components 1 | . 1 . Scanalyzer . | . . . Garrison Access Hacks . | . . . Unauthorized Hacks 6 | . 6 . Terminals 2 | . 2 . Track 1 | . 1 . Botnet 1 | . 1 . Fabricators . | . . . Repair Stations . | . . . Recycling Units . | . . . Scanalyzers . | . . . Garrison Access . | . . . Data Cores Recovered . | . . . Used . | . . . Hacking Detections 3 | . 3 . Full Trace Events . | . . . Feedback Events . | . . . Feedback Blocked . | . . . Robot Schematics Acquired . | . . . Robots Built . | . . . Matter . | . . . Time . | . . . Total Robot Build Rating . | . . . Part Schematics Acquired . | . . . Parts Built . | . . . Matter . | . . . Time . | . . . Total Part Build Rating . | . . . Parts Repaired . | . . . Time . | . . . Parts Recycled . | . . . Recycled Matter . | . . . Retrieved Matter . | . . . Retrieved Components 1 | . 1 . Parts Scanalyzed . | . . . Part Schematics Acquired . | . . . Parts Damaged . | . . . Bothacking | -11 -10 -10 ------------ Run | Scr Mat Min Used RIF Installer . | . . . Robots Hacked . | . . . Non-combat . | . . . Combat . | . . . Robot Hacks Applied . | . . . Relay Couplers Released . | . . . Robots Rewired . | . . . Allies Hacked . | . . . Hacks Repelled . | . . . Allies | -11 -10 -10 -------- Run | Scr Mat Min Total Allies 3 | . . 3 Largest Group 3 | . . 3 Highest-Rated Group 40 | . . 40 Highest-Rated Ally 16 | . . 16 Total Orders 2 | . . 2 STAY 1 | . . 1 FOLLOW 1 | . . 1 Ally Attacks 24 | . . 24 Total Damage 275 | . . 275 Kills 11 | . . 11 Allies Corrupted . | . . . Allies Melted . | . . . Intel | -11 -10 -10 ------- Run | Scr Mat Min Robot Analysis Total . | . . . Derelict Logs Recovered 3 | . . 3 Drone Launches . | . . . Drone Recoveries . | . . . Exploration | -11 -10 -10 ------------- Run | Scr Mat Min Turns Passed 1738 | 91 658 989 Spaces Moved 949 | 66 374 509 Core 2 | 2 . . Treads 631 | . 122 509 Legs . | . . . Wheels 316 | 64 252 . Hover . | . . . Flight . | . . . Fastest Speed 50 | 50 90 180 Average Speed 149 | 89 118 180 Slowest Speed 180 | 100 180 180 Overloaded Moves . | . . . Propulsion Burnouts . | . . . Robots Hopped . | . . . Cave-ins Triggered . | . . . Exploration Rate (%) 43 | 5 52 73 Regions Visited 2 Branch Regions 1 Pre-discovered Areas 1 | . . 1 Known Exits Taken . | . . . Unknown Exits Taken 2 | 1 1 . Scrap Searched 1 | . . 1 Spaces Dug . | . . . Terrain Destroyed . | . . . Melee . | . . . Projectile . | . . . AOE . | . . . Actions | -11 -10 -10 --------- Run | Scr Mat Min Total 1144 | 83 497 564 Wait 53 | . 27 26 Move 947 | 65 373 509 Hop . | . . . Pick Up 22 | 5 11 6 Fast Attach 11 | 6 4 1 Attach 4 | 1 2 1 Detach . | . . . Swap 4 | . 4 . Drop 4 | . 2 2 Fire 72 | 6 47 19 Melee . | . . . Ram . | . . . Kick . | . . . Crush 27 | . 27 . Escape Stasis . | . . . Rewire . | . . . Trap . | . . . Miscellaneous . | . . . Route ------- -11/Scrapyard -10/Materials (discovered 2 exits: [*Mat] / *Min) -10/Mines (discovered 2 exits: [*Mat x2]) History --------- Turn | Location | Event 11 | -11/Scrapyard | Discovered new exit (range 15) 92 | -11/Scrapyard | Entered Materials 307 | -10/Materials | Build established: Mutant 317 | -10/Materials | Discovered new exit (range 15) 488 | -10/Materials | Core integrity fell below 50% 520 | -10/Materials | Lost 3 parts (1n2w) 546 | -10/Materials | Core integrity fell below 20% 719 | -10/Materials | Discovered new exit (range 10) 750 | -10/Materials | Entered Mines 763 | -10/Mines | Met a Derelict bent on vengeance 770 | -10/Mines | Assisted by bots powering up and referring to "LRC-V3" 912 | -10/Mines | Learned Materials emergency access door positions 935 | -10/Mines | Discovered new exit (range 9) 944 | -10/Mines | Met a Derelict shopkeep closing up shop 1134 | -10/Mines | Learned location of Zion (-6) 1628 | -10/Mines | Discovered new exit (range 9) 1739 | -10/Mines | Destroyed by S-10 Pest with Light Assault Rifle Last Messages --------------- defend their interests would be to start expanding in this direction." 01134_ Acquired derelict log, extracted data. World map updated: -6/Zion. 01186_ System corrupted: Energy discharge (-72). 01351_ K-01 Serf cleans the Pressure Siphon. 01394_ System corrupted: Energy discharge (-60). 01555_ S-10 Pest destroyed. 01558_ K-01 Serf collects debris. 01628_ EXIT=FOUND 01631_ Mercenary 1a destroyed. 01638_ S-10 Pest destroyed. 01700_ Trooper 1b destroyed. 01705_ U-05 Engineer lays Concrete. 01705_ Destroyed Lgt. Assault Rifle. 01708_ Trooper 1a destroyed. 01709_ Lgt. Treads destroyed. 01710_ S-10 Pest destroyed. 01711_ Particle Gun destroyed. 01712_ Destroyed Flight Unit. 01728_ U-05 Engineer lays Concrete. Map ----- +----------------------------------------------------+ | | | | | | | | | ????????????????????????????????????????????????? | | ????????#####???????????????????????????????????? | | ??????## ##?????????????#####????????????????? | | ??????# #????????????## #????????????????? | | ??????# #???????????## #?????????######?? | | ??????# #?????######## #??????????# #?? | | ??????# ##????## ##??????????# #?? | | ??????# #?????# ##???????????# #?? | | ??????# ##?????# ## ##????????????# #?? | | ??????# ##??????# #### ##?????????????# #?? | | ?????## ##?####??# #??## #??????????????# #?? | | ???### #### ##?# #???# #??????????????# #?? | | ?### ### #???# ########???????# #?? | | ## #???# #???????## ###?? | | # ### ##??####### #????????# #???? | | # #### ##???????# #???###### #???? | | # %= ##??##### #???# #???? | | ## #####[ s ##?## #???# ######???? | | #?# #???## ### ##??# #????????? | | ??# #????## =%= #??# #????????? | | ???# #???#### % #### ######???? | | ???# #???# ### *@ u =*%%[ *[%#???? | | ????# #???# ##?## ===%* =*=#???? | | ?#### ###?# #???## ## ########%#???? | | ?# #???#### #????###### #?????#=#???? | | ?# #??????## ##?????????# #??###%####? | | ## ####???????# #????#????### #??# =%[ #? | | #??????????# #???????????## #??# #? | | ####???????# #????????????## ##??# #? | | ##??????# #?????????????#####???# < #? | | ###????# ##????????????????????# #? | | #??????# ######???????????????# #? | | #????#?# ##??????????????# #? | | """ #??????# #??????????????# #? | | """ #?????## #??????????########? | | """ #????## ### #?????????????????? | | ## """ ###### ##??# #?????????????????? | | ### #???? ##?????????????????? | | #?# # ##????? ###??????????????????? | | ??# #############??????? ##????????????????????? | | ??# #?##??#??????????????#????????###??????????? | | ??# #???##???????????????????????# ##?????????? | | ??# ##?????##???????????????????# #?????????? | | ??# #??????????#??????????????## #?????????? | | ??# #########?????? ?????????## #??????????? | | ??# #?????? ???????### ##??????????? | +----------------------------------------------------+ Best States ------------- Heat Dissipation 25 Energy Generation 10 Energy Capacity 250 Matter Stores 300 Matter Capacity 300 Sight Range 16 Terrain Scan Range 16 Terrain Scan Density 10 Evasion (%) 42 Recoil Reduction 2 Item Schematics ----------------- None Robot Schematics ------------------ None Fabricated ------------ Nothing Alien Tech Used ----------------- None Achievements -------------- None Challenges ------------ None Game ------ Seed CompactTrackerShotgun Manual? 0 Play Time 00:11:14 Cumulative 872.7 hours Start 2019.12.30 @ 16:07:12 End 2019.12.30 @ 16:18:57 Sessions 1 Manual Loads 0 Difficulty Rogue Special Mode None Game No. 343 Rogue 343 Adventurer 0 Explorer 0 Win Type - Total 21 Types 11/1/7/0/0/0/2 Lore% 95 Gallery% 96 Achievement% 81 Wizard Run 0 Options --------- ASCII 0 Keyboard 1 Movement Vi Keybinds 0 Fullscreen 0 Font 12/Crisp Map View 76x50 Tactical HUD 1 Map Filters NONE Filters NONE Steam X RUN: 5e61ddfc-b2d7-490d-90d7-d219ad303779